 Dungeon Crawl Stone Soup version 0.30.1-3-gfc49f6343a (webtiles) character file.

Game seed: 18403471062637376749

22786 shmup the Arsonist (level 13, -14/77 HPs)
             Began as a Tengu Fire Elementalist on Aug 4, 2023.
             Was an Elder of Nemelex Xobeh.
             Shot with an arrow by a centaur warrior (23 damage)
             ... on level 12 of the Dungeon.
             The game lasted 00:50:00 (17284 turns).

shmup the Arsonist (Tengu Fire Elementalist)       Turns: 17284, Time: 00:50:01

Health: -14/77     AC:  6    Str:  8    XL:     13   Next: 2%
Magic:  8/29       EV: 24    Int: 21    God:    Nemelex Xobeh [****..]
Gold:   827        SH:  0    Dex: 15    Spells: 4/20 levels left

rFire   . . .        b - staff of poison
rCold   . . .        (no shield)
rNeg    . . .        x - +0 robe
rPois   +            (helmet restricted)
rElec   .            J - +0 cloak
rCorr   .            I - +2 pair of gloves
SInv    .            (boots unavailable)
Will    .....        (no amulet)
Stlth   ++           Q - +5 ring of evasion
HPRegen 0.32/turn    k - ring of magical power
MPRegen 0.21/turn

%: no passive effects
@: flying quickly and evasively, quick
A: beak, talons 3, nimble flight
a: Renounce Religion, Draw Escape, Draw Destruction, Draw Summoning, Triple
Draw, Deal Four


You were on level 12 of the Dungeon.
You worshipped Nemelex Xobeh.
Nemelex Xobeh was greatly pleased with you.
You visited 1 branch of the dungeon, and saw 13 of its levels.
You also visited: Bailey.

You collected 827 gold pieces.

Inventory:

Hand Weapons
 a - a +5 short sword
 h - a +0 dagger of pain
 s - a +3 battleaxe
 z - a +4 dagger
 C - a +2 sling of flaming
 D - a +3 dagger of distortion
 F - a +2 vampiric dagger
 G - a +2 falchion of holy wrath
 L - a +2 heavy spear
 M - a +0 heavy quarterstaff
Missiles
 c - 52 stones (quivered)
 i - 52 poisoned darts
 r - 14 boomerangs
 N - a curare-tipped dart
 P - 29 javelins
 V - 2 atropa-tipped darts
Armour
 x - a +0 robe (worn)
 I - a +2 pair of gloves (worn)
 J - a +0 cloak (worn)
Magical Staves
 b - a staff of poison (weapon)
Jewellery
 d - a ring of protection from cold
 k - a ring of magical power (right hand)
 n - a ring of resist corrosion
 Q - a +5 ring of evasion (left hand)
Wands
 K - a wand of iceblast (10)
 O - a wand of paralysis (4)
 W - a wand of polymorph (3)
Scrolls
 e - a scroll of noise
 l - 2 scrolls of vulnerability
 m - a scroll of fog
 o - 3 scrolls of teleportation
 p - 2 scrolls of blinking
 q - 2 scrolls of enchant armour
 u - a scroll of amnesia
 v - 2 scrolls of enchant weapon
 w - a scroll of magic mapping
 A - a scroll of summoning
 E - 2 scrolls of immolation
 R - 3 scrolls of identify
 U - 2 scrolls of silence {unknown}
Potions
 f - 2 potions of ambrosia
 g - 7 potions of curing
 j - 3 potions of heal wounds
 t - 2 potions of attraction
 y - 4 potions of magic
 B - 3 potions of lignification
 H - 2 potions of mutation
 S - a potion of brilliance
 T - a potion of flight {unknown}


   Skills:
 * Level 7.6 Fighting
 * Level 8.3 Dodging
 - Level 2.0 Stealth
 * Level 4.1 Spellcasting
 + Level 10.4 Conjurations
 - Level 2.0 Hexes
 * Level 12.6 Fire Magic
 + Level 12.6 Air Magic
 + Level 5.7 Poison Magic


You had 4 spell levels left.
You knew the following spells:

 Your Spells              Type           Power      Damage    Failure   Level
a - Foxfire               Conj/Fire      100%       2x1d9     1%          1
b - Scorch                Fire           100%       2d9       1%          2
c - Inner Flame           Hex/Fire       35%        N/A       1%          3
d - Mephitic Cloud        Conj/Pois/Air  61%        N/A       1%          3
e - Vhi's Electric Charg  Tloc/Air       60%        N/A       2%          3
w - Flame Wave            Conj/Fire      52%        2d13      1%          4

Your spell library contained the following spells:

 Spells                   Type           Power      Damage    Failure   Level
 Magic Dart               Conj           100%       1d8       1%          1
 Poisonous Vapours        Pois/Air       100%       N/A       1%          2
 Volatile Blastmotes      Fire/Tloc      62%        2d15      2%          3
 Call Imp                 Summ           8%         N/A       19%         2
 Cause Fear               Hex            6%         N/A       45%         4
 Anguish                  Hex/Necr       4%         N/A       61%         4
 Summon Ice Beast         Ice/Summ       4%         N/A       75%         4
 Arcjolt                  Conj/Air       26%        1d36      3%          5
 Freezing Cloud           Conj/Ice/Air   18%        6-21      14%         5
 Summon Mana Viper        Hex/Summ       8%         N/A       91%         5
 Maxwell's Capacitive Co  Air            27%        death     99%         8
 Enfeeble                 Hex            6%         N/A       100%        7
 Monstrous Menagerie      Summ           2%         N/A       100%        7


Dungeon Overview and Level Annotations

Branches:
Dungeon (13/15) Zot: 25112  Temple (0/1) D:6            Lair (0/5) D:11
    Orc (0/2) D:9          Bailey (visited)
 Vaults: D:13-14

Altars:
Ashenzari
Cheibriados
Gozag
Kikubaaqudgha
Nemelex Xobeh
Okawaru
Qazlal
Sif Muna

Annotations:
D:8 exclusion: downstairs
D:11 exclusion: boulder beetle
D:12 3 runed translucent doors, SirLogeyBear's ghost, journeyman HOBe


Innate Abilities, Weirdness & Mutations

You have a beak for a mouth.
You have claws for feet.
Your magical nature lets you fly swiftly and evasively.


Message History

The skeletal warrior hits you with a +0 war axe!
Unknown command.
Casting: Scorch (safe; 1% risk of failure)
Confirm with . or Enter, or press ? or * to list all spells.
Flames lash the skeletal warrior.
The skeletal warrior is burned terribly!
Flame seeps out of the skeletal warrior.
The skeletal warrior is severely damaged.
The skeletal warrior is engulfed in blazing flames.
Flame seeps out of the skeletal warrior.
The skeletal warrior hits you with a +0 war axe!
* * * LOW HITPOINT WARNING * * *
Casting: Scorch (safe; 1% risk of failure)
Confirm with . or Enter, or press ? or * to list all spells.
Flames lash the skeletal warrior but do no damage.
The skeletal warrior barely misses you.
Unknown command.
Casting: Scorch (safe; 1% risk of failure)
Confirm with . or Enter, or press ? or * to list all spells.
Flames lash the skeletal warrior but do no damage.
The skeletal warrior barely misses you.
Unknown command.
You reach down and open the door.
A centaur warrior comes into view. It is wielding a +0 morningstar.
The centaur warrior unwields a +0 morningstar.
The centaur warrior wields a +0 shortbow.
The centaur warrior shoots an arrow.
The arrow hits you!!
* * * LOW HITPOINT WARNING * * *
The skeletal warrior completely misses you.
The centaur warrior shoots an arrow.
The arrow hits you!!
* * * LOW HITPOINT WARNING * * *
There is an open door, spattered with blood here.
Casting: Scorch (safe; 1% risk of failure)
Confirm with . or Enter, or press ? or * to list all spells.
Flames lash the skeletal warrior but do no damage.
The centaur warrior shoots an arrow.
The arrow closely misses you.
The arrow misses the skeletal warrior.
The centaur warrior shoots an arrow.
The arrow hits you!!
You die...
Your body disappears without a glow.

▒▒▒▒▒▒▒▒▒▒▒▒▒...▒.....▒▒▒▒▒▒▒▒.▒.
.....▒▒▒.▒..)..▒▒▒▒▒▒▒▒.▒.
8...8..▒▒.............▒▒...
....?...▒▒▒)....▒▒▒▒....▒▒▒
.........▒▒.............▒..
.........▒▒....c▒▒▒.....▒.▒
......(8..▒.............▒..
..........▒.▒+▒.▒▒▒▒....▒▒▒
.........zQ.▒...........▒
....[.....▒▒▒▒▒.▒▒▒.....▒
......$8..▒ ▒.▒ ▒.....▒
.........▒▒ ▒▒▒.▒▒▒.....▒▒▒
.........▒ ▒.......▒......
)...(...▒▒ ▒.............. ▒▒▒▒
8...8..▒▒ ▒.............( ...▒
......▒ ▒..............
▒▒.▒▒▒▒▒▒▒▒▒ ▒..............


You could see a skeletal warrior (inner flame, combustible) and a centaur
warrior.

Vanquished Creatures
  Erolcha (D:9)
  A centaur warrior (D:12)
  Urug (D:10)
  An ugly thing (D:11)
  A manticore (D:12)
  A cyclops (D:12)
  Maurice (D:9)
  Joseph (D:8)
  2 gargoyles
  Psyche (D:8)
  A komodo dragon (D:11)
  4 trolls
  Grinder (D:4)
  Prince Ribbit (D:8)
  4 slime creatures (D:12)
  A vampire (D:12)
  A wraith (D:11)
  3 yaks (D:9)
  2 steam dragons
  3 vampire mosquitoes (D:12)
  Menkaure (D:4)
  3 wargs
  3 acid dragons
  A water moccasin (D:7)
  An ice beast (D:6)
  19 orc warriors
  An ogre (D:4)
  13 centaurs
  5 kobold brigands
  A bullfrog (D:7)
  A gnoll sergeant (D:9)
  A scorpion (D:5)
  2 wights (D:6)
  4 killer bees (D:10)
  A howler monkey (D:8)
  6 orc priests
  A jelly (D:8)
  6 hounds
  A sleepcap (D:6)
  6 orc wizards
  An iguana (D:5)
  3 gnolls (D:9)
  5 adders
  A shadow imp (D:8)
  A white imp (D:6)
  4 worms
  A dart slug (D:2)
  69 orcs
  6 ball pythons
  3 bats (D:2)
  3 endoplasms (D:2)
  A giant cockroach (D:3)
  11 goblins
  5 hobgoblins
  4 jackals (D:1)
  3 frilled lizards
  28 kobolds
  7 rats
265 creatures vanquished.

Vanquished Creatures (collateral kills)
  A hydra (D:13)
  2 boulder beetles (D:12)
  A deep elf pyromancer (D:13)
  A troll (D:12)
  An acid dragon (D:9)
  A centaur (D:12)
  A wight (D:6)
8 creatures vanquished.

Vanquished Creatures (others)
  442 foxfires
442 creatures vanquished.

Grand Total: 715 creatures vanquished

Notes
Turn   | Place    | Note
-------+----------+-------------------------------------------
     0 | D:1      | shmup the Tengu Fire Elementalist began the quest for the
                  | Orb.
     0 | D:1      | Reached XP level 1. HP: 10/10 MP: 4/4
   369 | D:1      | Reached XP level 2. HP: 12/15 MP: 0/6
   422 | D:1      | Learned a level 2 spell: Scorch
  1140 | D:1      | Found a faded altar of an unknown god.
  1425 | D:2      | Reached XP level 3. HP: 19/19 MP: 7/7
  2601 | D:3      | Found a sparkling altar of Nemelex Xobeh.
  2729 | D:3      | Found an ancient bone altar of Kikubaaqudgha.
  2811 | D:3      | Became a worshipper of Nemelex Xobeh the Trickster
  3264 | D:4      | Reached XP level 4. HP: 24/24 MP: 8/8
  3495 | D:4      | Noticed Grinder
  3507 | D:4      | Killed Grinder
  3508 | D:4      | Gained mutation: Your magical nature lets you fly swiftly
                  | and evasively. [Tengu growth]
  3508 | D:4      | Reached XP level 5. HP: 16/28 MP: 2/9
  3508 | D:4      | Reached XP level 6. HP: 18/32 MP: 2/10
  3797 | D:4      | Reached skill level 5 in Conjurations
  3856 | D:4      | Found an opulent altar of Gozag.
  3873 | D:4      | Reached * piety under Nemelex Xobeh
  3910 | D:4      | Noticed Menkaure
  4043 | D:4      | Killed Menkaure
  4044 | D:4      | Reached XP level 7. HP: 36/36 MP: 11/11
  4613 | D:5      | Entered Level 5 of the Dungeon
  5188 | D:5      | Found a snail-covered altar of Cheibriados.
  5271 | D:5      | Received a gift from Nemelex Xobeh
  5616 | D:5      | Found a broken altar of Ashenzari.
  5767 | D:6      | Reached skill level 1 in Fighting
  5813 | D:6      | Found a staircase to the Ecumenical Temple.
  5832 | D:6      | Reached XP level 8. HP: 44/44 MP: 12/12
  6241 | D:6      | Reached ** piety under Nemelex Xobeh
  7295 | D:7      | Learned a level 3 spell: Inner Flame
  7404 | D:7      | Reached skill level 1 in Hexes
  7604 | D:7      | Received a gift from Nemelex Xobeh
  8319 | D:8      | Noticed Prince Ribbit
  8327 | D:8      | Killed Prince Ribbit
  8328 | D:8      | Reached skill level 5 in Dodging
  8328 | D:8      | Reached XP level 9. HP: 33/52 MP: 13/13
  8463 | D:8      | Found a stormy altar of Qazlal.
  8556 | D:8      | Noticed Joseph
  8578 | D:8      | Killed Joseph
  8579 | D:8      | Reached skill level 1 in Poison Magic
  8707 | D:8      | Learned a level 4 spell: Flame Wave
  9120 | D:8      | Reached *** piety under Nemelex Xobeh
  9138 | D:8      | Noticed Psyche
  9142 | D:8      | Killed Psyche
  9562 | D:9      | Found an iron altar of Okawaru.
  9836 | D:9      | Noticed Erolcha
  9848 | D:9      | Killed Erolcha
  9849 | D:9      | Reached skill level 5 in Fighting
  9849 | D:9      | Reached skill level 10 in Fire Magic
  9849 | D:9      | Reached XP level 10. HP: 14/59 MP: 11/14
 10080 | D:9      | Noticed Maurice
 10086 | D:9      | Killed Maurice
 11157 | D:9      | Found a staircase to the Orcish Mines.
 11514 | D:10     | Entered Level 10 of the Dungeon
 11527 | D:10     | Found a flagged portal.
 11556 | Bailey   | Entered a bailey
 11768 | Bailey   | Learned a level 3 spell: Mephitic Cloud
 11837 | Bailey   | Received a gift from Nemelex Xobeh
 11885 | Bailey   | Reached skill level 1 in Air Magic
 12922 | Bailey   | Reached XP level 11. HP: 64/64 MP: 15/15
 13517 | D:9      | Reached XP level 12. HP: 71/71 MP: 16/16
 13952 | D:10     | Noticed Urug
 13955 | D:10     | Killed Urug
 13956 | D:10     | Reached skill level 5 in Poison Magic
 14330 | D:10     | Received a gift from Nemelex Xobeh
 14602 | D:10     | Found a shimmering blue altar of Sif Muna.
 14656 | D:11     | Reached **** piety under Nemelex Xobeh
 14868 | D:11     | Found a staircase to the Lair.
 14993 | D:11     | Learned a level 3 spell: Vhi's Electric Charge
 14995 | D:11     | Received a gift from Nemelex Xobeh
 15149 | D:11     | You are sucked into a shaft and drop 2 floors!
 15159 | D:13     | Noticed an eight-headed hydra
 15164 | D:13     | Killed an eight-headed hydra
 15165 | D:13     | Reached skill level 10 in Conjurations
 15727 | D:11     | Noticed a boulder beetle
 16039 | D:12     | Noticed a boulder beetle
 16049 | D:12     | Found a runed translucent gate.
 16049 | D:12     | Found a runed translucent gate.
 16049 | D:12     | Found a runed translucent gate.
 16054 | D:12     | Noticed SirLogeyBear's ghost (journeyman HOBe)
 16077 | D:12     | Noticed a boulder beetle
 16093 | D:12     | Killed a boulder beetle
 16113 | D:12     | Killed a boulder beetle
 16787 | D:12     | Received a gift from Nemelex Xobeh
 17050 | D:12     | Noticed a centaur warrior
 17057 | D:12     | Killed a centaur warrior
 17095 | D:12     | Reached XP level 13. HP: 74/76 MP: 11/20
 17284 | D:12     | Shot with an arrow by a centaur warrior

Illustrated notes

Levels and vault maps discovered:
D:1:      dpeg_arrival_simpleton_a, layout_loops_corners,
          dilly_ecumenical_altar_fadedgnrine, minmay_tetromino_i4
D:2:      layout_basic
D:3:      layout_basic, lemuel_tele_altar, mainiacjoe_overflow_tiny_flanked,
          chequers_jeans
D:4:      layout_basic, nicolae_gozag_cash_rules_everything_around_me,
          kennysheep_nondescript, uniq_grinder, uniq_menkaure
D:5:      layout_basic, slow_altar_1, mainiacjoe_overflow_brackets,
          minmay_misc_feat_encased
D:6:      layout_basic, minmay_temple_entry_stoned_glass
D:7:      layout_gridville
D:8:      layout_loops_ring, mainiacjoe_overflow_paths, uniq_prince_ribbit1,
          uniq_joseph, uniq_psyche
D:9:      layout_long_grid, mainiacjoe_overflow_small_starburst, erik_orc_3,
          serial_rivers, chequers_serial_rivers_large_b,
          chequers_serial_rivers_micro_c, chequers_serial_rivers_large_a,
          chequers_serial_rivers_marsh, uniq_maurice, uniq_erolcha
D:10:     layout_basic, nicolae_sif_muna_little_library, enter_bailey_3,
          uniq_urug
D:11:     layout_basic, erik_lair_orcish_takeover
D:12:     kennysheep_green_arena, layout_basic, gammafunk_ghost_necromancy
D:13:     layout_roguey, nicolae_hepliaklqana_hazy_memory

Skill      XL: |  1  2  3  4  5  6  7  8  9 10 11 12 |
---------------+-------------------------------------+-----
Conjurations   | 2 4 5 6 8 9 10 | 10.4
Fire Magic     | 4 6 7 8 10 11 12 | 12.6
Fighting       | 1 3 5 6 7 |  7.6
Dodging        | 3 5 6 7 8 |  8.3
Hexes          | 2 |  2.0
Poison Magic   | 3 4 5 |  5.7
Air Magic      | 2 12 | 12.6
Spellcasting   | 4 |  4.1
Stealth        | |  2.0

Action                     |  1- 3 |  4- 6 |  7- 9 | 10-12 | 13-15 || total
---------------------------+-------+-------+-------+-------+-------++-------
  Melee: Unarmed           |     9 |       |       |       |       ||     9
         Peck              |     3 |       |     1 |     1 |       ||     5
         Dagger            |    18 |     9 |     3 |       |       ||    30
         Kick              |     2 |     2 |     2 |     2 |       ||     8
         Short sword       |       |       |    10 |     1 |       ||    11
         Staff             |       |       |       |     1 |       ||     1
   Fire: Sling             |       |       |     6 |       |       ||     6
  Throw: Dart              |       |       |     1 |       |       ||     1
   Cast: Foxfire           |    54 |    19 |    41 |   140 |     6 ||   260
         Scorch            |    11 |    20 |   110 |   123 |    11 ||   275
         Inner Flame       |       |       |    11 |    76 |     3 ||    90
         Mephitic Cloud    |       |       |       |     3 |     1 ||     4
         Flame Wave        |       |       |       |     4 |       ||     4
         Vhi's Electric Ch |       |       |       |     1 |       ||     1
 Invoke: Draw Destruction  |       |       |     7 |    12 |       ||    19
         Draw Summoning    |       |       |     1 |     4 |       ||     5
         Draw Escape       |       |       |       |     1 |       ||     1
    Use: Scroll            |     3 |       |    12 |     4 |       ||    19
         Potion            |       |     1 |       |     1 |       ||     2
 Armour: Robe              |    11 |     1 |     6 |    11 |       ||    29
  Dodge: Dodged            |    30 |    19 |    39 |    88 |     5 ||   181
